Map: Odyssey LE

Players

Gerald

  • Race: Protoss Protoss
  • Spawn Location: 11:00

Harstem - Winner!

  • Race: Protoss Protoss
  • Spawn Location: 5:00

Event: WCS Valencia 2017

VOD

Have the link to the VOD?

Description

Time

  • Played on: July 13, 2017, 9:54 a.m.
  • Length: 17:54

All games in this series

Show
View Real Time Build Order
Export as new Build Order

Gerald Protoss 

Build Orders:  

Get SALT Encoding   

  12  0:00  Probe (Chrono Boost)  
  13  0:11  Probe (Chrono Boost)  
  14  0:18  Pylon  
  14  0:23  Probe (Chrono Boost)  
  15  0:36  Probe (Chrono Boost)  
  15  0:37  Gateway  
  15  0:42  Assimilator  
  16  0:46  Probe (Chrono Boost)  
  17  0:57  Probe (Chrono Boost)  
  17  1:00  Gateway  
  18  1:08  Probe (Chrono Boost)  
  18  1:09  Assimilator  
  20  1:18  Probe (Chrono Boost)  
  20  1:24  Cybernetics Core  
  20  1:29  Probe (Chrono Boost)  
  21  1:39  Probe (Chrono Boost)  
  22  1:46  Pylon  
  22  1:50  Probe (Chrono Boost)  
  23  2:03  Pylon  
  23  2:06  Stalker  
  23  2:07  Mothership Core (Chrono Boost)  
  27  2:10  Stalker  
  29  2:20  Warp Gate (Chrono Boost)  
  28  2:22  Pylon  
  28  2:25  Probe (Chrono Boost)  
  29  2:36  Probe  
  30  2:49  Nexus  
  30  2:57  Pylon  
  30  3:02  Probe  
  31  3:12  Robotics Facility  
  31  3:19  Probe  
  32  3:22  Adept  
  32  3:26  Adept  
  36  3:31  Probe  
  37  3:42  Twilight Council  
  37  3:43  Probe  
  38  3:55  Probe (Chrono Boost)  
  39  4:04  Observer  
  39  4:05  Probe (Chrono Boost)  
  39  4:07  Probe (Chrono Boost)  
  42  4:12  Blink  
  42  4:13  Pylon, Sentry, Stalker  
  42  4:15  Probe (Chrono Boost)  
  47  4:18  Probe (Chrono Boost)  
  48  4:24  Assimilator  
  48  4:26  Probe (Chrono Boost)  
  48  4:28  Probe (Chrono Boost)  
  50  4:37  Forge, Probe (Chrono Boost)  
  51  4:39  Probe (Chrono Boost)  
  52  4:47  Probe (Chrono Boost)  
  52  4:50  Probe (Chrono Boost)  
  54  4:57  Probe (Chrono Boost)  
  51  5:00  Probe (Chrono Boost), Immortal (Chrono Boost)  
  51  5:05  Assimilator  
  56  5:07  Probe  
  56  5:08  Stalker, Protoss Ground Weapons Level 1 (Chrono Boost)  
  56  5:09  Sentry  
  56  5:12  Probe  
  62  5:17  Pylon  
  62  5:19  Probe  
  63  5:29  Pylon  
  63  5:32  Stalker x2  
  63  5:34  Probe  
  68  5:37  Probe  
  69  5:46  Probe  
  70  5:53  Nexus  
  70  5:56  Probe  
  70  5:57  Pylon  
  71  5:58  Probe  
  72  6:06  Immortal (Chrono Boost)  
  72  6:08  Probe  
  77  6:11  Gateway  
  77  6:16  Gateway  
  77  6:20  Gateway  
  77  6:28  Stalker x2  
  77  6:29  Probe  
  82  6:37  Probe  
  83  6:42  Probe, Robotics Bay  
  83  6:45  Protoss Ground Weapons Level 2, Photon Cannon  
  84  6:51  Probe, Photon Cannon  
  85  7:00  Immortal (Chrono Boost)  
  89  7:06  Probe  
  89  7:07  Probe x2  
  92  7:15  Stalker  
  92  7:18  Probe  
  92  7:19  Probe  
  94  7:26  Probe  
  94  7:28  Stalker x2  
  99  7:30  Probe  
  99  7:34  Disruptor (Chrono Boost)  
  103  7:39  Probe  
  103  7:41  Photon Cannon  
  103  7:42  Robotics Facility  
  103  7:43  Pylon  
  103  7:44  Probe  
  103  7:55  Stalker x3  
  108  8:00  Pylon  
  108  8:02  Pylon  
  108  8:05  Pylon, Assimilator  
  108  8:08  Disruptor (Chrono Boost), Assimilator  
  109  8:22  Probe  
  109  8:24  Stalker x5  
  118  8:39  Disruptor (Chrono Boost)  
  125  8:41  Probe  
  125  8:44  Disruptor (Chrono Boost)  
  125  8:45  Probe  
  126  8:50  Gateway  
  126  8:51  Stalker x2  
  126  8:52  Stalker, Gateway  
  126  8:54  Gateway  
  127  9:10  Disruptor (Chrono Boost)  
  127  9:16  Stalker x5  
  127  9:30  Probe  
  128  9:32  Pylon  
  128  9:37  Disruptor (Chrono Boost)  
  129  9:43  Stalker x4, Protoss Ground Weapons Level 3  
  108  9:55  Probe  
  109  10:10  Stalker x3, Nexus  
  109  10:13  Pylon  
  115  10:16  Assimilator  
  111  10:21  Stalker  
  111  10:22  Stalker x2  
  111  10:26  Photon Cannon  
  117  10:37  Disruptor (Chrono Boost)  
  123  10:43  Photon Cannon  
  123  10:44  Disruptor (Chrono Boost)  
  123  10:46  Photon Cannon  
  123  10:53  Gateway  
  123  10:56  Gateway  
  123  10:58  Gateway  
  123  11:02  Gateway  
  123  11:08  Disruptor (Chrono Boost)  
  118  11:16  Stalker x7  
  129  11:27  Disruptor (Chrono Boost)  
  129  11:32  Zealot  
  124  11:42  Zealot x7  
  130  11:49  Disruptor (Chrono Boost)  
  123  12:00  Stalker  
  125  12:01  Probe  
  125  12:04  Stalker x2  
  125  12:05  Stalker x5  
  125  12:06  Probe  
  125  12:08  Dark Shrine  
  141  12:15  Probe  
  138  12:26  Stalker  
  138  12:27  Stalker x2  
  138  12:28  Pylon, Nexus  
  136  12:47  Disruptor (Chrono Boost)  
  142  12:52  Photon Cannon, Disruptor (Chrono Boost)  
  142  12:56  Zealot x2  
  142  12:57  Zealot x5  
  150  13:00  Zealot x3  
  150  13:01  Charge (Chrono Boost)  
  138  13:06  Photon Cannon  
  138  13:08  Photon Cannon  
  113  13:27  Stalker x8  
  113  13:28  Stalker  
  113  13:31  Disruptor (Chrono Boost)  
  128  13:43  Disruptor (Chrono Boost)  
  128  13:49  Probe  
  128  13:51  Dark Templar x4  
  134  14:01  Disruptor (Chrono Boost)  
  137  14:14  Disruptor  
  137  14:21  Dark Templar  
  137  14:22  Zealot x4, Stalker  
  137  14:23  Probe  
  148  14:28  Zealot, Dark Templar x2  
  148  14:29  Zealot x3  
  129  14:43  Probe  
  112  14:46  Archon  
  112  14:49  Disruptor  
  111  14:53  Stalker x4  
  96  15:11  Pylon  
  87  15:18  Stalker x7  
  101  15:24  Assimilator  
  101  15:25  Probe  
  101  15:26  Assimilator  
  101  15:28  Pylon  
  100  15:39  Stalker  
  100  15:40  Stalker x2  
  101  15:51  Stalker x6  
  113  16:03  Stalker x3  
  119  16:05  Zealot x2  
  119  16:06  Zealot  
  125  16:11  Probe  
  125  16:12  Disruptor  
  125  16:16  Zealot  
  125  16:17  Zealot x3  
  137  16:24  Zealot x2  
  132  16:27  Observer  
  127  16:34  Zealot  
  127  16:35  Zealot x5  
  127  16:37  Zealot  
  133  16:46  Zealot  
  133  16:47  Zealot x2  
  126  16:48  Observer  
  126  16:53  Stalker  
  126  16:54  Stalker  
  109  16:55  Stalker x3  
  109  16:56  Stalker x2  
  109  16:59  Observer  
  111  17:10  Observer  
  111  17:15  Photon Cannon  
  112  17:24  Dark Templar  
Show
View Real Time Build Order
Export as new Build Order

Harstem Protoss - Winner!

Build Orders: Phoenix Opening 

Get SALT Encoding   

  12  0:00  Probe (Chrono Boost)  
  13  0:11  Probe (Chrono Boost)  
  14  0:17  Pylon  
  14  0:22  Probe (Chrono Boost)  
  16  0:35  Probe (Chrono Boost)  
  16  0:36  Gateway  
  16  0:43  Assimilator  
  16  0:46  Probe (Chrono Boost)  
  17  0:51  Assimilator  
  17  0:57  Probe (Chrono Boost)  
  18  1:05  Gateway  
  18  1:07  Probe (Chrono Boost)  
  19  1:18  Probe (Chrono Boost)  
  20  1:25  Cybernetics Core  
  20  1:28  Probe (Chrono Boost)  
  21  1:38  Pylon  
  21  1:39  Probe (Chrono Boost)  
  22  1:50  Probe (Chrono Boost)  
  23  2:02  Stalker, Mothership Core (Chrono Boost), Warp Gate (Chrono Boost)  
  26  2:15  Stalker  
  28  2:23  Probe (Chrono Boost)  
  28  2:25  Pylon  
  29  2:35  Sentry  
  31  2:55  Nexus  
  31  3:05  Stalker  
  33  3:11  Stalker  
  33  3:12  Probe  
  36  3:24  Probe  
  37  3:27  Pylon  
  37  3:37  Probe (Chrono Boost)  
  37  3:41  Robotics Facility  
  37  3:43  Phoenix  
  37  3:48  Probe (Chrono Boost)  
  38  3:54  Sentry  
  40  3:58  Probe (Chrono Boost)  
  40  3:59  Twilight Council  
  41  4:08  Probe (Chrono Boost)  
  41  4:09  Probe (Chrono Boost)  
  43  4:14  Forge  
  43  4:18  Probe (Chrono Boost)  
  43  4:20  Probe (Chrono Boost)  
  45  4:27  Adept  
  45  4:28  Adept  
  45  4:29  Probe (Chrono Boost)  
  50  4:32  Probe (Chrono Boost)  
  50  4:35  Observer (Chrono Boost)  
  52  4:39  Probe  
  52  4:44  Probe  
  52  4:45  Protoss Ground Weapons Level 1 (Chrono Boost)  
  54  4:50  Probe (Chrono Boost)  
  55  4:55  Probe (Chrono Boost)  
  55  4:58  Blink  
  55  5:01  Pylon  
  55  5:02  Probe  
  55  5:06  Probe  
  56  5:11  Immortal (Chrono Boost)  
  61  5:14  Probe  
  61  5:16  Pylon  
  62  5:25  Probe  
  62  5:26  Probe, Assimilator  
  64  5:30  Assimilator  
  64  5:37  Probe  
  64  5:39  Probe  
  64  5:40  Pylon  
  66  5:47  Immortal (Chrono Boost)  
  66  5:49  Probe  
  71  5:51  Probe  
  72  6:00  Robotics Bay  
  72  6:01  Probe  
  72  6:02  Phoenix  
  72  6:03  Probe  
  74  6:13  Probe  
  74  6:15  Probe  
  74  6:17  Gateway  
  76  6:18  Gateway  
  76  6:20  Protoss Ground Weapons Level 2  
  76  6:21  Observer (Chrono Boost)  
  77  6:25  Probe  
  77  6:27  Probe  
  77  6:36  Nexus  
  77  6:37  Probe  
  77  6:39  Pylon  
  76  6:44  Probe  
  76  6:47  Disruptor (Chrono Boost), Phoenix  
  80  6:48  Stalker  
  80  6:50  Probe  
  80  6:52  Stalker  
  85  6:56  Probe  
  86  7:02  Probe  
  86  7:04  Pylon  
  86  7:08  Probe  
  88  7:09  Pylon  
  88  7:14  Probe  
  89  7:15  Stalker x2  
  89  7:20  Pylon  
  89  7:21  Probe  
  89  7:22  Disruptor (Chrono Boost)  
  97  7:23  Stalker x2  
  97  7:26  Probe  
  102  7:38  Probe x2, Stalker x2  
  108  7:47  Probe  
  108  7:50  Probe x2  
  111  7:52  Gateway  
  111  7:54  Gateway  
  111  7:58  Probe  
  111  8:00  Disruptor (Chrono Boost)  
  111  8:02  Pylon, Probe  
  111  8:03  Charge  
  116  8:06  Assimilator  
  116  8:13  Stalker x2  
  116  8:14  Stalker  
  116  8:16  Probe, Photon Cannon  
  123  8:20  Assimilator  
  123  8:26  Probe x2  
  124  8:30  Photon Cannon  
  124  8:31  Disruptor (Chrono Boost)  
  128  8:35  Pylon  
  128  8:45  Stalker x2  
  132  8:53  Stalker x2  
  132  8:54  Stalker x2  
  133  9:13  Nexus  
  129  9:21  Stalker x6  
  139  9:29  Disruptor (Chrono Boost)  
  135  9:44  Stalker x4  
  135  9:45  Stalker x2  
  112  9:57  Probe, Robotics Facility  
  113  10:00  Disruptor (Chrono Boost), Protoss Ground Weapons Level 3  
  113  10:07  Zealot x4  
  113  10:08  Zealot x2  
  113  10:09  Probe  
  113  10:11  Pylon  
  113  10:13  Pylon  
  126  10:21  Probe  
  123  10:23  Pylon  
  123  10:30  Zealot x4  
  131  10:37  Disruptor (Chrono Boost)  
  134  10:48  Stalker x2  
  141  10:52  Photon Cannon  
  141  10:54  Disruptor (Chrono Boost)  
  141  10:56  Photon Cannon, Assimilator  
  141  11:00  Assimilator  
  137  11:14  Stalker x6  
  137  11:16  Disruptor (Chrono Boost)  
  148  11:37  Stalker x4  
  154  11:45  Disruptor (Chrono Boost)  
  151  11:50  Disruptor (Chrono Boost)  
  150  11:56  Zealot  
  150  11:57  Zealot  
  145  12:02  Probe x3  
  145  12:05  Stargate  
  148  12:10  Zealot x2, Sentry  
  148  12:11  Zealot  
  148  12:14  Nexus  
  156  12:17  Pylon  
  156  12:21  Disruptor x2 (Chrono Boost)  
  156  12:22  Stalker x2  
  164  12:25  Dark Shrine  
  164  12:28  Probe  
  164  12:29  Probe  
  156  12:52  Disruptor (Chrono Boost)  
  156  12:57  Zealot x2, Disruptor (Chrono Boost)  
  156  12:58  Zealot x4  
  166  13:20  Disruptor (Chrono Boost)  
  156  13:28  Disruptor (Chrono Boost)  
  156  13:32  Probe, Oracle (Chrono Boost)  
  163  13:36  Gateway  
  163  13:38  Gateway  
  163  13:41  Probe  
  164  13:43  Fleet Beacon, Photon Cannon  
  164  13:45  Stargate  
  164  13:46  Photon Cannon  
  164  13:47  Zealot  
  164  13:48  Zealot x5, Photon Cannon, Stargate  
  176  13:51  Disruptor  
  177  14:03  Probe  
  177  14:05  Assimilator  
  177  14:07  Protoss Air Weapons Level 1 (Chrono Boost)  
  178  14:11  Photon Cannon  
  178  14:13  Photon Cannon  
  162  14:39  Observer x2  
  162  14:42  Zealot x3  
  162  14:43  Zealot x3  
  174  14:50  Photon Cannon  
  170  14:53  Photon Cannon  
  167  15:03  Observer  
  156  15:08  Protoss Ground Armor Level 1  
  156  15:13  Stalker x4  
  156  15:14  Stalker x2  
  166  15:17  Photon Cannon  
  166  15:19  Observer  
  166  15:21  Carrier x2 (Chrono Boost)  
  167  15:25  Carrier (Chrono Boost)  
  187  15:46  Dark Templar x3  
  187  15:47  Zealot x3, Dark Templar  
  198  15:53  Graviton Catapult  
  198  15:56  Photon Cannon  
  197  15:57  Photon Cannon  
  197  16:05  Photon Cannon  
  197  16:08  Photon Cannon, Nexus, Assimilator, Pylon  
  197  16:11  Assimilator  
  197  16:12  Pylon  
  195  16:21  Dark Templar x2  
  195  16:22  Zealot x2  
  197  16:40  Zealot x2  
  184  16:49  Disruptor (Chrono Boost)  
  184  16:50  Disruptor (Chrono Boost)  
  192  16:58  Stalker x6  
  167  17:09  Stalker x2  
  163  17:19  Photon Cannon  
  163  17:21  Photon Cannon  
  163  17:24  Zealot x6, Photon Cannon  
  163  17:27  Photon Cannon  
  173  17:50  Stalker x8  
Tags
 
Add a new tag
Caveats
  • Supply blocks, unpowered buildings, or Contaminate may cause inaccurate times.
  • Supply counts are checked every 10 seconds.